 Dungeon Crawl Stone Soup version 0.22-a0-512-g0943f25562 (webtiles) character file.

59 NihilVerum the Chopper (level 3, -2/33 HPs)
             Began as a Minotaur Monk on June 18, 2018.
             Slain by Sigmund
             ... wielding a +0 scythe
              (4 damage)
             ... on level 3 of the Dungeon.
             The game lasted 00:01:40 (1389 turns).

NihilVerum the Chopper (Minotaur Monk)              Turns: 1389, Time: 00:01:41

Health: -2/33      AC: 10    Str: 16    XL:     3   Next: 78%
Magic:  2/2        EV:  5    Int:  7    God:
Gold:   108        SH:  0    Dex: 12    Spells: 2/2 levels left

rFire    . . .     SeeInvis .   a - +0 hand axe
rCold    . . .     Gourm    .   (no shield)
rNeg     . . .     Faith    .   h - +0 plate armour
rPois    .         Spirit   .   (helmet restricted)
rElec    .         Reflect  .   (no cloak)
rCorr    .         Harm     .   (no gloves)
MR       .....                  (no boots)
Stlth    ..........             (no amulet)
HPRegen  0.11/turn              (no ring)
MPRegen  0.08/turn              (no ring)

@: flying
A: retaliatory headbutt, horns 2
a: no special abilities


You were on level 3 of the Dungeon.
You were hungry.

You visited 1 branch of the dungeon, and saw 3 of its levels.

You collected 108 gold pieces.

Inventory:

Hand Weapons
 a - a +0 hand axe (weapon)
Armour
 h - a +0 plate armour (worn)
Jewellery
 m - an uncursed ring of fire {unknown}
Scrolls
 b - a scroll of identify {unknown}
 d - 3 scrolls of noise {unknown}
 e - 2 scrolls of remove curse
 g - 2 scrolls of amnesia {unknown}
 k - a scroll of teleportation {unknown}
 l - a scroll of fear {unknown}
Comestibles
 c - 5 rations


   Skills:
 + Level 4.1 Fighting
 * Level 4.5 Axes
 + Level 1.7 Armour
 + Level 3.8 Dodging
 - Level 1.5 Stealth


You had 2 spell levels left.
You didn't know any spells.
Your spell library was empty.

Dungeon Overview and Level Annotations

Branches:
Dungeon (3/15)

Altars:

Annotations:
D:3 Sigmund


Innate Abilities, Weirdness & Mutations

You reflexively headbutt those who attack you in melee.
You have a pair of horns on your head.


Message History

Something hits you. Something hits you. Something hits you.
You're too confused to move!
You closely miss something. Your headbutt misses something. Something hits you!
You feel less confused. Something hits you!
* * * LOW HITPOINT WARNING * * *
You closely miss something. You completely miss something.
You hear some strange, mumbled words.
A puff of flame appears from out of thin air!
The puff of flame hits you!
* * * LOW HITPOINT WARNING * * *
You aren't carrying any potions.
Okay, then.
You miss something. Something hits you but does no damage.
Your plate armour prevents you from hitting something.
Something hits you.
You die...

# #.# #....### .
#.# #......# # #.#
######.# #.# #.#
######## #.#
##...## #.#
##.....## #.#
#...%...# #.#
#...@...# #.#
#...{...# #.#
##..)..## #.#
##...######.#
#+#######'##..((..#
...........).######
......†......#
.............#
#+#######+####


There were no monsters in sight!

Vanquished Creatures
  A worm (D:2)
  4 dart slugs
  A leopard gecko (D:1)
  5 bats
  A giant cockroach (D:1)
  4 goblins
  11 hobgoblins
  2 jackals (D:2)
  2 quokkas (D:2)
  4 frilled lizards
  5 kobolds
  5 rats
45 creatures vanquished.

Notes
Turn   | Place    | Note
-------+----------+-------------------------------------------
     0 | D:1      | NihilVerum the Minotaur Monk began the quest for the Orb.
     0 | D:1      | Reached XP level 1. HP: 19/19 MP: 0/0
    80 | D:1      | Reached XP level 2. HP: 27/27 MP: 1/1
   168 | D:1      | Reached skill level 1 in Armour
   547 | D:1      | Reached XP level 3. HP: 33/33 MP: 2/2
  1354 | D:3      | Noticed Sigmund
  1389 | D:3      | Slain by Sigmund

Vault maps used:
D:1:      dpeg_arrival_lava_altar, minmay_misc_feat_cross
D:3:      kennysheep_six_static_rooms, lemuel_doored_altar,
          minmay_overflow_temple_star_quad, first_ration, uniq_sigmund

Skill      XL: |  1  2  3 |
---------------+----------+-----
Axes           | 4 |  4.5
Armour         | 1 |  1.7
Fighting       | 4 |  4.1
Dodging        | |  3.8
Stealth        | |  1.5

Action                   || total
-------------------------++-------
Melee: Hand axe          ||   111
       Headbutt          ||    15
  Use: Scroll            ||     1
       Potion            ||     3
  Eat: Chunk             ||     1
Armor: Robe              ||    10
       Plate armour      ||    51
Dodge: Dodged            ||    37

Table legend:
 A = Spawn XP
 B = Non-spawn XP
 C = Spawn XP percentage of total XP
 D = Spawn monster count
 E = Non-spawn monster count
 F = Spawn count percentage of total count
 G = Total turns spent on level
                    A         B        C        D         E        F      G
               +---------+---------+-------+---------+---------+-------+---------
         Total |       0 |      85 |   0.0 |       0 |      45 |   0.0 |  1389
               +---------+---------+-------+---------+---------+-------+---------
           D:1 |       0 |      42 |   0.0 |       0 |      23 |   0.0 |   720
           D:2 |       0 |      35 |   0.0 |       0 |      17 |   0.0 |   529
           D:3 |       0 |       8 |   0.0 |       0 |       5 |   0.0 |   140
               +---------+---------+-------+---------+---------+-------+---------
